 Dungeon Sprint DCSS version 0.23-a0-175-g97aacdb306 (webtiles) character file.

2134 ICC the Impassioned (level 9, -2/35 HPs)
             Began as a Felid Transmuter on Sept 17, 2018.
             Was a Follower of Uskayaw.
             Hit by a large rock thrown by a stone giant (10 damage)
             ... in the Dungeon (Sprint IX: "|||||||||||||||||||||||||||||").
             The game lasted 00:02:28 (176 turns).

ICC the Impassioned (Felid Transmuter)               Turns: 176, Time: 00:02:29

Health: -2/35      AC:  2    Str:  9    XL:     9   Next: 9%
Magic:  23/23      EV: 20    Int: 14    God:    Uskayaw [*.....]
Gold:   0          SH:  0    Dex: 21    Spells: 11/12 levels left
                                        Lives:  0   Deaths: 3

rFire    . . .     SeeInvis +     - Unarmed
rCold    . . .     Gourm    .   (shield unavailable)
rNeg     . . .     Faith    .   (armour unavailable)
rPois    .         Spirit   .   (helmet unavailable)
rElec    .         Reflect  .   (cloak unavailable)
rCorr    .         Harm     .   (gloves unavailable)
MR       +....     NoTele   +   (boots unavailable)
Stlth    ++........             (no amulet)
HPRegen  0.11/turn              o - +3 ring of strength
MPRegen  0.18/turn              n - +2 ring of evasion

@: quick
A: very small, no armour, no weapons or thrown items, stealth, claws 1, fangs 3,
see invisible, carnivore, speed 1, shaggy fur 2, slow metabolism 1, sharp paws
a: Stomp, Renounce Religion


You were in the Dungeon.
You worshipped Uskayaw.
Uskayaw was most pleased with you.
You were not hungry.

You visited 1 branch

Inventory:

Missiles
 a - 12 arrows
Jewellery
 n - a +2 ring of evasion (right paw)
 o - a +3 ring of strength (left paw)
Wands
 m - a wand of acid (10)
Scrolls
 i - 2 scrolls of blinking
 k - 3 scrolls of remove curse
 l - 2 scrolls of amnesia
Potions
 e - 3 potions of heal wounds
 f - a potion of haste
 g - 4 potions of magic
 j - 4 potions of curing
Comestibles
 b - a chunk of flesh
 c - a ration


   Skills:
 - Level 1.0 Fighting
 - Level 2.6 Dodging
 - Level 12.2 Unarmed Combat
 - Level 2.0 Spellcasting
 - Level 2.1 Transmutations
 + Level 19.9 Invocations


You had 11 spell levels left.
You knew the following spells:

 Your Spells              Type           Power        Failure   Level  Hunger
a - Beastly Appendage     Tmut           #.....       10%         1    ##.....

Your spell library contained the following spells:

 Spells                   Type           Power        Failure   Level  Hunger
 Sticks to Snakes         Tmut           #.......     14%         2    ###....
 Spider Form              Tmut/Pois      #.........   41%         3    ####...
 Ice Form                 Ice/Tmut       #.......     83%         4    #####..
 Blade Hands              Tmut           #.........   95%         5    ######.


Dungeon Overview and Level Annotations

Branches:
Dungeon (1/1)

Altars:
Cheibriados
Dithmenos
Elyvilon
Fedhas
Gozag
Hepliaklqana
Kikubaaqudgha
Makhleb
Nemelex Xobeh
Okawaru
Qazlal
Ru
Sif Muna
Trog
Uskayaw
Vehumet
Wu Jian
Xom
Yredelemnul
Zin
The Shining One
Beogh
Jiyva
Lugonu

Shops:
D }*


Innate Abilities, Weirdness & Mutations

You cannot wear armour.
You are incapable of wielding weapons or throwing items.
Your paws allow you to move quietly. (Stealth)
You have sharp claws.
You have razor-sharp teeth.
You have supernaturally acute eyesight. (SInv)
You are carnivorous and can eat meat at any time.
You cover ground quickly.
You are covered in thick fur. (AC +2)
You have a slow metabolism.
Your sharp claws are effective at attacking unaware monsters.


Message History

You can now merge with and destroy a victim.
You claw the slime creature!
You kill the slime creature!
The vampire mage casts a spell.
The vampire mage flickers and vanishes for a moment.
The stone giant throws a large rock.
The large rock hits you!
A two-headed ogre comes into view. It is wielding two giant spiked clubs.
The stone giant hits you!!!
Ouch! That really hurt!
You die...
You are now level 9!
You rejoin the land of the living...
You can no longer merge with and destroy a victim.
You can no longer pass through a line of other dancers.
The stone giant throws a large rock.
The large rock hits you!!
Ouch! That really hurt!
* * * LOW HITPOINT WARNING * * *
You see here a large rock.
The stone giant throws a large rock.
The large rock hits you!
You die...

▓▓▓▓▓▓▓▓▓▓▓▓▓▓▓▓▓▓▓
▓.........))OO$OO$O
▓.▓▓▓▓▓▓▓▓▓▓▓▓▓▓▓▓▓
▓▓▓▓▓▓▓▓▓▓▓▓▓▓▓▓▓▓▓▓▓
▓.....(@..')(CVV99.O.
▓.▓▓▓▓▓▓▓▓▓▓▓▓▓▓▓▓▓▓▓▓▓
▓......................
▓▓▓▓▓▓▓▓▓▓▓▓▓▓♣♣♣♣♣♣♣♣♣


You could see a stone giant and a vampire mage (invisible).

Vanquished Creatures
  A stone giant (D)
  2 ogre magi (D)
  A rakshasa (D)
  A centaur warrior (D)
  2 two-headed ogres (D)
  A slime creature (D)
  2 centaurs (D)
  A big kobold (D)
  A wight (D)
  An adder (D)
  A dart slug (D)
  A leopard gecko (D)
  An orc (D)
  A goblin (D)
  A jackal (D)
  A kobold (D)
  A jackal skeleton (D)
  2 rats (D)
22 creatures vanquished.

Notes
Turn   | Place    | Note
-------+----------+-------------------------------------------
     0 | D        | ICC the Felid Transmuter began the quest for the Orb.
     0 | D        | Reached XP level 1. HP: 9/9 MP: 4/4
    30 | D        | Reached skill level 5 in Unarmed Combat
    30 | D        | Reached XP level 2. HP: 7/12 MP: 6/6
    63 | D        | Found a roughly hewn altar of Beogh.
    63 | D        | Found a snail-covered altar of Cheibriados.
    63 | D        | Found a shadowy altar of Dithmenos.
    63 | D        | Found a white marble altar of Elyvilon.
    63 | D        | Found a blossoming altar of Fedhas.
    63 | D        | Found an opulent altar of Gozag.
    64 | D        | Found a hazy altar of Hepliaklqana.
    65 | D        | Found a viscous altar of Jiyva.
    66 | D        | Found an ancient bone altar of Kikubaaqudgha.
    67 | D        | Found a corrupted altar of Lugonu.
    68 | D        | Found a burning altar of Makhleb.
    69 | D        | Found a sparkling altar of Nemelex Xobeh.
    70 | D        | Found an iron altar of Okawaru.
    71 | D        | Found a stormy altar of Qazlal.
    72 | D        | Found a sacrificial altar of Ru.
    73 | D        | Found a deep blue altar of Sif Muna.
    74 | D        | Found a bloodstained altar of Trog.
    75 | D        | Found a hide-covered altar of Uskayaw.
    76 | D        | Found a radiant altar of Vehumet.
    77 | D        | Found an ornate altar of the Wu Jian Council.
    78 | D        | Found a shimmering altar of Xom.
    79 | D        | Found a basalt altar of Yredelemnul.
    80 | D        | Found a glowing silver altar of Zin.
    81 | D        | Found a glowing golden altar of the Shining One.
    83 | D        | Became a worshipper of Uskayaw the Reveler
    99 | D        | Found the +8 frozen axe "Frostbite" {freezing cloud, *Noise
                  | +Fly rC+}
   108 | D        | Noticed a howler monkey
   108 | D        | Noticed a troll
   108 | D        | Noticed a wight
   108 | D        | Noticed a centaur
   108 | D        | Noticed a big kobold
   108 | D        | Noticed a centaur
   112 | D        | Reached * piety under Uskayaw
   113 | D        | Killed a centaur
   113 | D        | Reached XP level 3. HP: 11/15 MP: 7/7
   113 | D        | Reached XP level 4. HP: 15/19 MP: 8/8
   113 | D        | Reached ** piety under Uskayaw
   118 | D        | Killed a big kobold
   118 | D        | Reached XP level 5. HP: 13/22 MP: 9/9
   118 | D        | Reached *** piety under Uskayaw
   120 | D        | Killed a centaur
   120 | D        | Reached **** piety under Uskayaw
   122 | D        | Reached skill level 3 in Invocations
   122 | D        | Gained mutation: You are covered in thick fur. (AC +2)
                  | [Felid growth]
   122 | D        | Reached XP level 6. HP: 7/25 MP: 10/10
   124 | D        | Mangled by a troll
   124 | D        | Reached ***** piety under Uskayaw
   125 | D        | Reached XP level 5. HP: -9/22 MP: 9/9
   127 | D        | Found Den Poff's Gadget Shop.
   127 | D        | Noticed a two-headed ogre
   127 | D        | Noticed an ogre mage
   127 | D        | Noticed a two-headed ogre
   127 | D        | Noticed an ogre
   127 | D        | Noticed a two-headed ogre
   129 | D        | Noticed an ogre
   132 | D        | Killed an ogre mage
   132 | D        | Reached skill level 12 in Invocations
   132 | D        | Reached XP level 6. HP: 13/25 MP: 10/16
   132 | D        | Reached XP level 7. HP: 15/28 MP: 10/17
   132 | D        | Killed a two-headed ogre
   132 | D        | Reached skill level 14 in Invocations
   132 | D        | Reached XP level 8. HP: 17/32 MP: 11/20
   133 | D        | Noticed an ogre mage
   134 | D        | Killed a two-headed ogre
   134 | D        | Reached skill level 16 in Invocations
   134 | D        | Reached XP level 9. HP: 19/35 MP: 11/22
   135 | D        | Found Moruyz's Assorted Antiques.
   135 | D        | Slain by a two-headed ogre
   135 | D        | Noticed a two-headed ogre
   136 | D        | Reached XP level 8. HP: 0/32 MP: 11/21
   146 | D        | Noticed a centaur warrior
   146 | D        | Noticed a rakshasa
   146 | D        | Noticed a stone giant
   146 | D        | Noticed an ogre mage
   146 | D        | Noticed a slime creature
   146 | D        | Noticed a vampire mage
   147 | D        | Noticed a stone giant
   149 | D        | Killed a rakshasa
   149 | D        | Reached skill level 17 in Invocations
   149 | D        | Killed a stone giant
   149 | D        | Reached skill level 18 in Invocations
   149 | D        | Reached XP level 9. HP: 31/35 MP: 21/23
   149 | D        | Killed an ogre mage
   149 | D        | Reached skill level 19 in Invocations
   149 | D        | Killed a centaur warrior
   149 | D        | Reached XP level 10. HP: 34/39 MP: 21/24
   150 | D        | Noticed a gargoyle
   151 | D        | Noticed a gargoyle
   156 | D        | Noticed a two-headed ogre
   156 | D        | Demolished by a stone giant
   157 | D        | Reached XP level 9. HP: -18/35 MP: 22/23
   176 | D        | Hit by a large rock thrown by a stone giant

Vault maps used:
D:        linesprint

Skill      XL: |  1  2  3  4  5  6  7  8  9 |
---------------+----------------------------+-----
Unarmed Combat | 5 9 11 12 | 12.2
Invocations    | 12 14 18 19 | 19.9
Fighting       | |  1.0
Dodging        | |  2.6
Spellcasting   | |  2.0
Transmutations | |  2.1

Action                   |  1- 3 |  4- 6 |  7- 9 | 10-12 || total
-------------------------+-------+-------+-------+-------++-------
Melee: Unarmed           |    34 |    11 |     3 |     4 ||    52
       Bite              |     5 |     2 |       |       ||     7
       Punch             |     1 |       |       |       ||     1
  Use: Potion            |     2 |     1 |       |       ||     3
 Stab: Sleeping          |     1 |       |       |       ||     1
       Paralysed         |       |     1 |     2 |       ||     3
       Invisible         |       |     1 |       |       ||     1
  Eat: Chunk             |     6 |       |       |       ||     6
Armor: Skin              |     2 |       |       |       ||     2
Dodge: Dodged            |    20 |     8 |     1 |     1 ||    30

Table legend:
 A = Non-vault XP
 B = Vault XP
 C = Vault XP percentage of total XP
 D = Non-vault monster count
 E = Vault monster count
 F = Vault count percentage of total count
                 A         B        C        D         E       F
            +---------+---------+-------+---------+---------+-------
      Total |       0 |    7769 | 100.0 |       0 |      22 | 100.0
            +---------+---------+-------+---------+---------+-------
          D |       0 |    7769 | 100.0 |       0 |      22 | 100.0
            +---------+---------+-------+---------+---------+-------
